 Dungeon Crawl Stone Soup version 0.26.1-11-gd32895ea62 (webtiles) character file.

Game seed: 2228543939207409352

34512 hawla the Geomancer (level 13, -7/110 HPs)
             Began as a Grey Draconian Conjurer on July 2, 2021.
             Was a High Priest of Vehumet.
             Killed from afar by a balrug (22 damage)
             ... with a fireball
             ... created by a Zot trap
             ... while petrified
             ... on level 13 of the Dungeon on July 3, 2021.
             The game lasted 01:14:42 (20497 turns).

hawla the Geomancer (Grey Draconian Conjurer)      Turns: 20497, Time: 01:14:43

Health: -7/110     AC: 20    Str: 11      XL:     13   Next: 42%
Magic:  5/22       EV:  2    Int: 30      God:    Vehumet [*****.]
Gold:   793        SH:  0    Dex: 19 (20) Spells: 1/25 levels left

rFire    . . .     SeeInvis .   t - +7 hand axe of Lunlukuk {pain, +Rage rF- rN+++}
rCold    . . .     Faith    .   C - +1 buckler
rNeg     + + +     Spirit   .   (armour unavailable)
rPois    ∞         Reflect  .   (helmet restricted)
rElec    .         Harm     .   F - +2 cloak
rCorr    .         Rampage  .   n - +2 pair of gloves
Will     .....     Rnd*Tele +   D - +0 pair of boots
Stlth    +++.......             k - amulet "Kathun" {Acrobat rF+ Str+2 Dex+4}
HPRegen  0.28/turn              J - +6 ring of intelligence
MPRegen  0.18/turn              O - +6 ring of dexterity

@: petrified, weak-willed, flying
A: walk through water, unfitting armour, big wings, clever 1, robust 1,
teleportitis 1, weak 1, unbreathing, cold-blooded, AC +13
a: Renounce Religion, Evoke Berserk Rage


You were on level 13 of the Dungeon.
You worshipped Vehumet.
Vehumet was extremely pleased with you.
You visited 2 branches of the dungeon, and saw 15 of its levels.
You also visited: Sewer and Ossuary.

You collected 927 gold pieces.
You spent 134 gold pieces at shops.

Inventory:

Hand Weapons
 t - the +7 hand axe of Lunlukuk (weapon) {pain, +Rage rF- rN+++}
   (You found it on level 5 of the Dungeon)

   In the hands of one skilled in necromantic magic, it inflicts extra damage on
   living creatures.
   It makes you vulnerable to fire.
   It renders you almost immune to negative energy.
   It lets you go berserk.
Missiles
 g - 3 atropa-tipped darts
 r - 24 boomerangs (quivered)
 I - 9 javelins
 K - 20 poisoned darts
Armour
 n - a +2 pair of gloves (worn)
 C - a +1 buckler (worn)
 D - a +0 pair of boots (worn)
 F - a +2 cloak (worn)
Magical Staves
 v - an uncursed staff of earth
 L - an uncursed staff of fire
Jewellery
 k - the amulet "Kathun" (around neck) {Acrobat rF+ Str+2 Dex+4}
   (You acquired it on level 11 of the Dungeon)

   [amulet of the acrobat]

   It helps you evade while moving and waiting.
   It affects your strength (+2).
   It affects your dexterity (+4).
   It protects you from fire.
 w - a +4 ring of evasion {unknown}
 x - an uncursed amulet of reflection
 y - an uncursed ring of protection from cold
 z - an uncursed ring of fire
 E - a +4 ring of protection
 J - a +6 ring of intelligence (left hand)
 O - a +6 ring of dexterity (right hand)
Wands
 s - a wand of acid (15)
 H - a wand of iceblast (29)
Scrolls
 e - 7 scrolls of remove curse
 f - 4 scrolls of blinking
 h - 4 scrolls of enchant weapon
 j - 3 scrolls of vulnerability
 l - 3 scrolls of magic mapping
 m - a scroll of fog
 o - 4 scrolls of teleportation
 u - a scroll of amnesia
 G - a scroll of silence
 M - a scroll of brand weapon
 N - a scroll of summoning {unknown}
Potions
 a - 2 potions of invisibility
 b - a potion of resistance
 c - 2 potions of cancellation
 d - 6 potions of curing
 i - 8 potions of brilliance
 p - 5 potions of might
 q - 6 potions of lignification
 A - 5 potions of attraction
 B - a potion of heal wounds


   Skills:
 - Level 5.0 Fighting
 + Level 10.0 Axes
 - Level 5.0 Staves
 - Level 1.0 Throwing
 - Level 5.0 Dodging
 - Level 5.0 Stealth
 - Level 4.0 Shields
 + Level 6.5 Spellcasting
 - Level 11.0 Conjurations
 - Level 7.0 Necromancy
 - Level 7.0 Translocations
 - Level 4.0 Transmutations
 - Level 1.0 Fire Magic
 + Level 11.4 Earth Magic
 - Level 1.0 Evocations


You had one spell level left.
You knew the following spells:

 Your Spells              Type           Power        Failure   Level
a - Iron Shot             Conj/Erth      33%          2%          6
b - Searing Ray           Conj           100%         1%          2
c - Iskenderun's Mystic   Conj/Tloc      59%          1%          4
e - Blink                 Tloc           N/A          1%          2
f - Bolt of Magma         Conj/Fire/Erth 27%          1%          5
g - Fireball              Conj/Fire      22%          3%          5

Your spell library contained the following spells:

 Spells                   Type           Power        Failure   Level
 Magic Dart               Conj           100%         1%          1
 Sting                    Tmut/Pois      84%          2%          1
 Corona                   Hex            10%          4%          1
 Conjure Flame            Conj/Fire      45%          1%          3
 Dazzling Flash           Conj/Hex       84%          1%          3
 Gell's Gravitas          Tloc           25%          1%          3
 Mephitic Cloud           Conj/Pois/Air  31%          1%          3
 Fulminant Prism          Conj/Hex       21%          1%          4
 Petrify                  Tmut/Erth      54%          1%          4
 Ignite Poison            Fire/Tmut/Pois 19%          2%          3
 Inner Flame              Hex/Fire       12%          3%          3
 Portal Projectile        Hex/Tloc       60%          3%          3
 Leda's Liquefaction      Hex/Erth       22%          4%          4
 Call Imp                 Summ           9%           8%          2
 Poisonous Vapours        Pois/Air       18%          8%          2
 Slow                     Hex            9%           8%          2
 Olgreb's Toxic Radiance  Pois           9%           13%         4
 Confusing Touch          Hex            9%           16%         3
 Yara's Violent Unravell  Hex/Tmut       10%          16%         5
 Statue Form              Tmut/Erth      36%          32%         6
 Cause Fear               Hex            4%           45%         4
 Metabolic Englaciation   Hex/Ice        4%           80%         5
 Shatter                  Erth           34%          100%        9


Dungeon Overview and Level Annotations

Branches:
Dungeon (14/15)            Temple (1/1) D:4            Lair (0/6) D:9
    Orc (0/2) D:12         Vaults (0/5) D:14          Sewer (visited)
Ossuary (visited)

Altars:
Ashenzari
Cheibriados
Dithmenos
Elyvilon
Gozag
Hepliaklqana
Kikubaaqudgha
Makhleb
Nemelex Xobeh
Okawaru
Qazlal
Ru
Sif Muna
Trog
Uskayaw
Vehumet
Wu Jian
Xom
Yredelemnul
Zin
The Shining One
Beogh

Shops:
D:5 [   D:9 }   D:10 *

Annotations:
D:13 3 runed translucent doors, 1 transporter, do you want to fly


Innate Abilities, Weirdness & Mutations

You can walk through water.
Your dull iron-grey scales are very hard. (AC +13)
You cannot fit into any form of body armour.
You can survive without breathing.
You are cold-blooded and may be slowed by cold attacks.
Your large and strong wings let you fly indefinitely.
Your mind is acute. (Int +2)
You are robust. (+10% HP)
You are occasionally teleported next to monsters.
You are weak. (Str -2)


Message History

The harpoon shot misses you.
The swamp worm fires a harpoon shot at you.
The harpoon shot hits you but does no damage.
The swamp worm fires a harpoon shot at you.
The harpoon shot hits you!!
* * * LOW HITPOINT WARNING * * *
You are yanked forward by the harpoon shot.
You collide with the briar patch!
* * * LOW HITPOINT WARNING * * *
You enter the Zot trap.
The power of Zot is invoked against you!
You sense a hostile presence.
You have turned to stone.
A balrug comes into view. It is wielding a +0 demon whip.
The balrug hits you with a +0 demon whip.
* * * LOW HITPOINT WARNING * * *
You are engulfed in flames!
* * * LOW HITPOINT WARNING * * *
The balrug gestures at you.
The fireball explodes!
The fireball engulfs you!!!
You die...

######.######.# #.# ######.####.
...........##.###.# #...........
####.....#........####.#########.
# ##.....................## #> #
###..#################..### #. #
#....##♣#w#♣#♣#.#♣#♣###...# #. #
#.####≈≈#≈≈≈§≈#§≈≈≈≈§§##..# ##
#.#".#PP°P.PP.2.....PP.#..#
#©#©(+.^^^^^^@^^^^^^^^©#©.#
#.#[.#PPPPP°P....○.....#..#
#.####≈≈≈≈≈#≈≈≈≈§#≈≈≈≈##..#
###....#w#♣#♣#w#♣#♣#.#♣##...####
#......#################........
##.###..........................#
.....#...####..##########..[..###
##.#....#####.####### ##..###..
#.#................# #..#...#


You could see a balrug and 3 swamp worms.

Vanquished Creatures
  The ghost of jlumianski the Thaumaturge, a journeyman GnWr of Okawaru (D:12)
  5 two-headed ogres
  Erica (D:8)
  Urug (D:12)
  A deep elf knight (D:12)
  An orange crystal statue (D:13)
  2 unseen horrors
  Pikel (D:7)
  A wolf spider zombie (D:14)
  An orb spider (shapeshifter) (D:12)
  A wizard (D:11)
  2 deep elf magi
  2 orc knights
  4 manticores (D:12)
  2 ugly things
  A cyclops (D:12)
  A freezing wraith (D:12)
  2 kobold demonologists (D:11)
  An efreet (D:13)
  5 trolls
  2 tengu conjurers (D:13)
  A hornet (D:13)
  Prince Ribbit (D:9)
  4 wraiths
  2 wyverns
  10 yaks (D:10)
  A vampire (D:10)
  A steam dragon (D:12)
  A warg (D:12)
  2 swamp worms (D:13)
  An acid dragon (D:13)
  A hornet zombie (D:14)
  10 orc warriors
  A black bear (D:11)
  3 sky beasts
  2 eyes of draining
  3 ice beasts
  A phantom (D:5)
  12 ogres
  3 necrophages
  9 centaurs
  3 wolves (D:9)
  2 big kobolds
  A wyvern zombie (D:13)
  7 bullfrogs
  A water moccasin zombie (D:7)
  3 scorpions
  2 water moccasin skeletons
  11 killer bees
  2 howler monkeys
  28 wights
  3 electric eels (D:9)
  2 centaur zombies
  6 bullfrog zombies
  13 hounds
  4 centaur skeletons
  5 jellies
  Crazy Yiuf (D:6)
  3 bullfrog skeletons
  10 orc priests
  17 orc wizards
  Terence (D:2)
  2 iguanas
  7 worker ants
  4 hound zombies
  2 hound skeletons
  14 mummies (Ossuary)
  A worker ant zombie (Ossuary)
  10 gnolls
  A river rat (D:3)
  10 adders
  A shadow imp (D:5)
  2 white imps
  2 ufetubi
  An ooze (D:2)
  3 adder zombies (Ossuary)
  An adder skeleton (D:9)
  A worm (D:4)
  2 dart slugs
  3 leopard geckos
  91 orcs
  3 bats
  5 giant cockroaches
  13 goblins
  5 hobgoblins
  3 jackals
  6 quokkas
  7 ball pythons
  8 frilled lizards
  A giant cockroach zombie (D:5)
  A jackal zombie (Ossuary)
  22 kobolds
  A leopard gecko skeleton (D:7)
  2 quokka zombies (Ossuary)
  3 rats
  14 briar patches (D:13)
484 creatures vanquished.

Vanquished Creatures (others)
  An orc (D:9)
  3 briar patches (D:13)
  15 plants (Sewer)
  9 withered plants (Ossuary)
28 creatures vanquished.

Grand Total: 512 creatures vanquished

Notes
Turn   | Place    | Note
-------+----------+-------------------------------------------
     0 | D:1      | hawla the Draconian Conjurer began the quest for the Orb.
     0 | D:1      | Reached XP level 1. HP: 14/14 MP: 3/3
   333 | D:1      | Reached XP level 2. HP: 22/22 MP: 1/5
   336 | D:1      | Learned a level 2 spell: Searing Ray
  1001 | D:2      | Noticed Terence
  1141 | D:2      | Reached skill level 1 in Fighting
  1142 | D:2      | Reached skill level 1 in Translocations
  1142 | D:2      | Reached XP level 3. HP: 28/28 MP: 0/6
  1211 | D:2      | Reached XP level 4. HP: 35/35 MP: 1/8
  1216 | D:2      | Learned a level 4 spell: Iskenderun's Mystic Blast
  1578 | D:2      | Killed Terence
  2268 | D:3      | Reached XP level 5. HP: 40/40 MP: 0/9
  2274 | D:3      | Found a glowing drain.
  2278 | Sewer    | Entered a sewer
  2345 | Sewer    | Reached skill level 5 in Conjurations
  3886 | D:4      | Noticed an ogre
  3894 | D:4      | Killed an ogre
  3895 | D:4      | Reached XP level 6. HP: 47/47 MP: 1/10
  4290 | D:4      | Found a staircase to the Ecumenical Temple.
  4310 | Temple   | Entered the Ecumenical Temple
  4474 | Temple   | Became a worshipper of Vehumet
  4918 | D:4      | Your scales start taking on a dull iron-grey colour.
  4918 | D:4      | Reached XP level 7. HP: 53/53 MP: 0/12
  4918 | D:4      | Gained mutation: You can survive without breathing. [Grey
                  | Draconian growth]
  5278 | D:5      | Entered Level 5 of the Dungeon
  5334 | D:5      | Got a steaming hand axe
  5334 | D:5      | Identified the +7 hand axe of Lunlukuk {pain, +Rage rF-
                  | rN+++} (You found it on level 5 of the Dungeon)
  5355 | D:5      | Found a sand-covered staircase.
  5363 | Ossuary  | Entered an ossuary
  5425 | Ossuary  | Reached skill level 1 in Earth Magic
  5450 | Ossuary  | Reached skill level 1 in Necromancy
  5457 | Ossuary  | Reached skill level 1 in Axes
  5658 | Ossuary  | Reached * piety under Vehumet
  5658 | Ossuary  | Offered knowledge of Sandblast by Vehumet.
  5764 | Ossuary  | Reached XP level 8. HP: 61/61 MP: 6/13
  6520 | D:5      | Found Godualos's Armour Shoppe.
  6525 | D:5      | Bought a +0 buckler for 67 gold pieces
  6525 | D:5      | Bought a +0 pair of boots for 67 gold pieces
  7012 | D:6      | Reached skill level 5 in Necromancy
  7012 | D:6      | Reached XP level 9. HP: 68/68 MP: 14/14
  7524 | D:6      | Found a runed translucent door.
  7525 | D:6      | Noticed Crazy Yiuf
  7744 | D:6      | Killed Crazy Yiuf
  7960 | D:7      | Reached ** piety under Vehumet
  7960 | D:7      | Offered knowledge of Shock by Vehumet.
  8574 | D:7      | Noticed Pikel
  8592 | D:7      | Killed Pikel
  8593 | D:7      | Reached XP level 10. HP: 74/77 MP: 16/16
  8891 | D:7      | Reached skill level 5 in Translocations
  8891 | D:7      | Reached skill level 10 in Earth Magic
  8891 | D:7      | Reached XP level 11. HP: 82/82 MP: 17/17
  8991 | D:7      | Found a stormy altar of Qazlal.
  9202 | D:8      | Found a flagged portal.
  9204 | D:8      | Offered knowledge of Mephitic Cloud by Vehumet.
  9311 | D:8      | Noticed Erica
  9321 | D:8      | Killed Erica
  9322 | D:8      | Reached skill level 10 in Conjurations
  9936 | D:8      | Reached *** piety under Vehumet
  9937 | D:8      | Reached skill level 1 in Shields
 10443 | D:9      | Found a staircase to the Lair.
 10449 | D:9      | Offered knowledge of Sticky Flame by Vehumet.
 10947 | D:9      | Reached skill level 1 in Staves
 11122 | D:9      | Found Boomampy's Gadget Emporium.
 11279 | D:9      | Noticed Prince Ribbit
 11284 | D:9      | Killed Prince Ribbit
 11295 | D:9      | Reached skill level 5 in Spellcasting
 11464 | D:9      | Reached **** piety under Vehumet
 11797 | D:10     | Entered Level 10 of the Dungeon
 11917 | D:10     | Offered knowledge of Conjure Flame by Vehumet.
 11922 | D:10     | Learned a level 3 spell: Conjure Flame
 12143 | D:10     | Found Zitaraew's General Store.
 12540 | D:10     | Noticed a deep elf mage
 12548 | D:10     | Killed a deep elf mage
 12661 | D:10     | Noticed a two-headed ogre
 12675 | D:10     | Killed a two-headed ogre
 12745 | D:10     | Found a shimmering altar of Xom.
 13011 | D:10     | Learned a level 2 spell: Blink
 13061 | D:11     | Identified a scroll of acquirement
 13073 | D:11     | Acquired the amulet "Kathun" {Acrobat rF+ Str+2 Dex+4}
 13177 | D:11     | You fall into a shaft and drop 3 floors!
 13286 | D:14     | Reached XP level 12. HP: 54/92 MP: 10/19
 13474 | D:14     | Found a gate to the Vaults.
 13474 | D:14     | Noticed a tengu warrior
 13474 | D:14     | Noticed a vault guard
 13474 | D:14     | Noticed a boulder beetle
 13474 | D:14     | Noticed a vault guard
 13474 | D:14     | Noticed a vault guard
 13474 | D:14     | Noticed a vault guard
 13474 | D:14     | Noticed a tengu warrior
 13520 | D:13     | Found a runed translucent door.
 13540 | D:13     | Found a runed translucent door.
 13545 | D:13     | Found a transporter.
 13670 | D:13     | Found a runed translucent door.
 13683 | D:13     | Found a runed translucent door.
 14029 | D:13     | Reached skill level 1 in Throwing
 14029 | D:13     | Reached skill level 1 in Fire Magic
 14519 | D:13     | Found a transporter.
 14741 | D:12     | Reached skill level 1 in Evocations
 15268 | D:11     | Reached skill level 5 in Dodging
 15513 | D:11     | Reached skill level 5 in Fighting
 16020 | D:11     | Reached ***** piety under Vehumet
 16020 | D:11     | Offered knowledge of Spellforged Servitor by Vehumet.
 16083 | D:11     | Learned a level 5 spell: Bolt of Magma
 16211 | D:11     | Reached skill level 5 in Stealth
 16558 | D:11     | Found a roughly hewn altar of Beogh.
 16888 | D:12     | Found a staircase to the Orcish Mines.
 17646 | D:12     | Reached XP level 13. HP: 54/100 MP: 22/22
 18032 | D:12     | Gained mutation: You are weak. (Str -2) [potion of
                  | mutation]
 18032 | D:12     | Gained mutation: You expend magic power (3 MP) to
                  | strengthen your wands. [potion of mutation]
 18032 | D:12     | Gained mutation: Your flesh is cold resistant. (rC+)
                  | [potion of mutation]
 18032 | D:12     | Gained mutation: Your system is resistant to poisons.
                  | (rPois) [potion of mutation]
 18131 | D:12     | Noticed Urug
 18183 | D:12     | Killed Urug
 18591 | D:12     | Noticed jlumianski's ghost (journeyman GnWr)
 18592 | D:12     | Found a transporter.
 18593 | D:12     | Found a transporter.
 18594 | D:12     | Identified the cursed +0 dire flail "Baihaikk" {flame,
                  | rElec rC+}
 18749 | D:13     | Offered knowledge of Fireball by Vehumet.
 18756 | D:13     | Learned a level 5 spell: Fireball
 19331 | D:12     | Killed jlumianski's ghost
 19686 | D:13     | Learned a level 6 spell: Iron Shot
 19854 | D:13     | Reached skill level 5 in Staves
 20064 | D:14     | Reached skill level 10 in Axes
 20314 | D:14     | Lost mutation: Your system is resistant to poisons. (rPois)
                  | [potion of mutation]
 20314 | D:14     | Lost mutation: Your flesh is cold resistant. (rC+) [potion
                  | of mutation]
 20314 | D:14     | Lost mutation: You expend magic power (3 MP) to strengthen
                  | your wands. [potion of mutation]
 20314 | D:14     | Gained mutation: You are robust. (+10% HP) [potion of
                  | mutation]
 20314 | D:14     | Gained mutation: You are occasionally teleported next to
                  | monsters. [potion of mutation]
 20314 | D:14     | Gained mutation: Your large and strong wings let you fly
                  | indefinitely. [potion of mutation]
 20314 | D:14     | Gained mutation: Your mind is acute. (Int +2) [potion of
                  | mutation]
 20496 | D:13     | Noticed a balrug
 20497 | D:13     | Killed from afar by a balrug

Illustrated notes

Levels and vault maps discovered:
D:1:      minmay_arrival_five_plusses, layout_loops_ring, minmay_pentomino_t4
D:2:      cheibrodos_pilgrimage, layout_basic, corexii_hall_statues_deadend,
          uniq_terence
D:3:      cheibrodos_helix_gallery, layout_rooms, gup_sewer_entry_bowl
D:4:      kennysheep_the_goblin_king, layout_gridville,
          minmay_temple_entry_ruins
D:5:      layout_basic, serial_shops, shop, enter_ossuary_2
D:6:      layout_rooms, uniq_crazy_yiuf_cottage
D:7:      layout_rooms, kb_lookout_dungeons_type,
          nicolae_qazlal_eye_of_the_storm, uniq_pikel
D:8:      layout_basic, enter_bailey_7, uniq_erica
D:9:      layout_basic, nicolae_overflow_hidden_temple, erik_lair_island,
          serial_shops, shop_fountains, uniq_prince_ribbit1
D:10:     layout_basic, serial_shops, shop, basic_altar, minivault_20,
          amcnicky_mini_rare_corridor_liquid, minmay_misc_feat_iff
D:11:     layout_roguey, special_room [special_room_orc]
D:12:     layout_roguey, erik_orc_4, gammafunk_ghost_smash, kb_rosetta,
          uniq_urug
D:13:     gammafunk_worm_tunnel, layout_loops_corners,
          minmay_statue_crystal_thing
D:14:     layout_grid_maze, lightli_vaults_fourway_checkpoint, zin_angel,
          elyvilon_altar_1
Temple:   kilobyte_greek_temple

Skill      XL: |  1  2  3  4  5  6  7  8  9 10 11 12 13 |
---------------+----------------------------------------+-----
Fighting       | 1 2 3 4 5 |  5.0
Translocations | 1 2 3 5 6 7 |  7.0
Spellcasting   | 3 4 5 6 |  6.5
Conjurations   | 6 7 9 10 11 | 11.0
Stealth        | 2 3 4 5 |  5.0
Dodging        | 2 3 4 5 |  5.0
Earth Magic    | 2 9 10 11 | 11.4
Necromancy     | 1 5 6 7 |  7.0
Axes           | 2 6 7 8 9 10 | 10.0
Transmutations | 3 4 |  4.0
Shields        | 1 3 4 |  4.0
Staves         | 1 3 5 |  5.0
Throwing       | 1 |  1.0
Fire Magic     | 1 |  1.0
Evocations     | 1 |  1.0

Action                   |  1- 3 |  4- 6 |  7- 9 | 10-12 | 13-15 || total
-------------------------+-------+-------+-------+-------+-------++-------
Melee: Unarmed           |     2 |     4 |       |       |       ||     6
       Tailslap          |       |     5 |    10 |    59 |     7 ||    81
       Whip              |       |    24 |     7 |       |       ||    31
       Hand axe          |       |       |   139 |   377 |    96 ||   612
       Staff             |       |       |       |    61 |       ||    61
Throw: Dart              |     2 |       |       |    22 |     8 ||    32
       Boomerang         |       |       |       |     1 |       ||     1
 Cast: Magic Dart        |    19 |    39 |    18 |    38 |     8 ||   122
       Searing Ray       |     3 |    45 |    28 |    56 |    17 ||   149
       Iskenderun's Myst |       |     3 |    20 |    86 |    37 ||   146
       Conjure Flame     |       |       |       |    22 |       ||    22
       Bolt of Magma     |       |       |       |    13 |     1 ||    14
       Blink             |       |       |       |     4 |     1 ||     5
       Fireball          |       |       |       |       |     8 ||     8
       Iron Shot         |       |       |       |       |     6 ||     6
 Abil: Fly               |       |       |       |       |     1 ||     1
Evoke: Wand              |       |       |     1 |     3 |     1 ||     5
  Use: Scroll            |     4 |     2 |     6 |    26 |     8 ||    46
       Potion            |     1 |     5 |     3 |     4 |     5 ||    18
 Stab: Sleeping          |       |     1 |     1 |     7 |       ||     9
Armor: Skin              |     4 |    16 |    93 |   219 |    67 ||   399
Dodge: Dodged            |     5 |    36 |   116 |   284 |    69 ||   510
Block: Buckler           |       |       |     7 |    89 |    24 ||   120
